 Dungeon Crawl Stone Soup version 0.31-a0-339-gda1cbd555d (webtiles) character file.

Game seed: 15965870582384764296

66 Vomitron the Slasher (level 3, -2/28 HPs)
             Began as a Demonspawn Gladiator on July 20, 2023.
             Slain by Jessica
             ... wielding a +0 club
              (3 damage)
             ... on level 3 of the Dungeon.
             The game lasted 00:02:20 (1575 turns).

Vomitron the Slasher (Demonspawn Gladiator)         Turns: 1575, Time: 00:02:21

Health: -2/28      AC:  4    Str: 14    XL:     3   Next: 96%
Magic:  3/3        EV: 12    Int:  9    God:
Gold:   107        SH:  0    Dex: 16    Spells: 2/2 levels left

rFire   . . .        a - +0 long sword
rCold   . . .        (no shield)
rNeg    . . .        b - +0 leather armour
rPois   .            c - +0 helmet
rElec   .            (no cloak)
rCorr   +            (no gloves)
SInv    .            (no boots)
Will    .....        (no amulet)
Stlth   +            n - ring of resist corrosion
HPRegen 0.24/turn    l - ring of flight
MPRegen 0.08/turn

%: no passive effects
@: flying, slowed, invisible, very slow
A: weakness stinger 1
a: no special abilities


You were on level 3 of the Dungeon.
You visited 1 branch of the dungeon, and saw 3 of its levels.

You collected 107 gold pieces.

Inventory:

Hand Weapons
 a - a +0 long sword (weapon)
Missiles
 d - 3 throwing nets (quivered)
 e - a javelin
 m - 4 poisoned darts
Armour
 b - a +0 leather armour (worn)
 c - a +0 helmet (worn)
 j - a +0 buckler
Jewellery
 l - a ring of flight (right hand)
 n - a ring of resist corrosion (left hand)
 r - an amulet of the acrobat
Scrolls
 g - 3 scrolls of teleportation {unknown}
 i - a scroll of immolation {unknown}
 o - a scroll of vulnerability {unknown}
Potions
 h - a potion of enlightenment {unknown}
 k - a potion of lignification {unknown}
 p - a potion of might {unknown}
 q - a potion of brilliance {unknown}


   Skills:
 + Level 2.6 Fighting
 * Level 3.6 Long Blades
 - Level 1.7 Throwing
 + Level 3.2 Dodging


You had 2 spell levels left.
You didn't know any spells.
Your spell library was empty.

Dungeon Overview and Level Annotations

Branches:
Dungeon (3/15)

Altars:

Annotations:
D:3 Jessica


Innate Abilities, Weirdness & Mutations

You have a small tail.


Message History

No target in view!
Items here: ))) [ ††.
Jessica the Apprentice Sorceress comes into view.
She is wielding a +0 club.
Jessica is nearby!
Jessica mumbles some strange words.
Jessica seems to speed up.
You barely miss Jessica.
You tail-slap Jessica, but do no damage.
Jessica hits you with a +0 club.
You closely miss Jessica. Jessica completely misses you.
Jessica hits you with a +0 club.
You closely miss Jessica.
Jessica points at you and mumbles some strange words.
Pain shoots through your body! Jessica hits you with a +0 club.
You hit Jessica.
Jessica is lightly wounded.
Jessica barely misses you. Jessica hits you with a +0 club.
You barely miss Jessica.
Jessica is lightly wounded.
Jessica misses you. Jessica closely misses you.
You hit Jessica but do no damage.
Jessica is lightly wounded.
Jessica gestures at you while chanting.
You feel yourself slow down.
You barely miss Jessica.
Jessica is lightly wounded.
Jessica barely misses you.
Jessica points at you and mumbles some strange words.
Pain shoots through your body!
* * * LOW HITPOINT WARNING * * *
Jessica points at you and mumbles some strange words.
You barely resist.
It was a potion of invisibility.
You fade into invisibility!
Jessica closely misses you. x2
You barely miss Jessica.
You tail-slap Jessica, but do no damage.
Jessica is lightly wounded.
Jessica closely misses you. Jessica hits you with a +0 club.
You die...

..>.....####....#
.......##
##.#.######
#.....##
##....)..#
##...## #..####.#
##+## #...###.#
#.......#
###.##### #.# #@#
#@# #.# #.# ..#
###


You could see Jessica (fast, unable to see you).

Vanquished Creatures
  2 adders (D:2)
  A worm (D:3)
  2 dart slugs
  3 orcs (D:3)
  An endoplasm (D:1)
  2 giant cockroaches
  5 goblins
  2 hobgoblins (D:2)
  A kobold (D:2)
  2 quokkas
  6 ball pythons
  4 bats
  2 frilled lizards
  5 rats
38 creatures vanquished.

Notes
Turn   | Place    | Note
-------+----------+-------------------------------------------
     0 | D:1      | Vomitron the Demonspawn Gladiator began the quest for the
                  | Orb.
     0 | D:1      | Reached XP level 1. HP: 16/16 MP: 1/1
   167 | D:1      | Gained mutation: You have a small tail. [demonic ancestry]
   167 | D:1      | Reached XP level 2. HP: 20/22 MP: 2/2
   754 | D:2      | Reached XP level 3. HP: 28/28 MP: 3/3
  1274 | D:3      | Found a faded altar of an unknown god.
  1563 | D:3      | Noticed Jessica
  1573 | D:3      | HP: 1/28 [Jessica/nerve-wracking pain (12)]
  1575 | D:3      | Slain by Jessica

Illustrated notes

Levels and vault maps discovered:
D:1:      reono_arrival_forest_river, layout_loops_ring
D:2:      layout_basic
D:3:      layout_loops_corners, shapermc_ecumenical_altar_gd, serial_shops,
          shop, uniq_robin, uniq_jessica

Skill      XL: |  1  2 |
---------------+-------+-----
Long Blades    | 3 |  3.6
Dodging        | 3 |  3.2
Fighting       | |  2.6
Throwing       | |  1.7

Action                     || total
---------------------------++-------
  Melee: Long sword        ||   100
         Tailslap          ||     7
         Punch             ||     1
    Use: Potion            ||     1
   Stab: Sleeping          ||     1
 Armour: Leather armour    ||    25
  Dodge: Dodged            ||    78

Table legend: (Time is in decaauts)
 A = Elapsed time spent in this place.
 B = Non-inter-level travel time spent in this place.
 C = Inter-level travel time spent in this place.
 D = Time resting spent in this place.
 E = Time spent auto-exploring this place.
 F = Levels seen in this place.
 G = Mean time per level.
                   A        B        C        D        E       F      G
               +--------+--------+--------+--------+--------+-----+--------+
         Total |   1600 |   1552 |     48 |      0 |   1248 |   3 |  533.3 |
       Dungeon |   1600 |   1552 |     48 |      0 |   1248 |   3 |  533.3 |
               +--------+--------+--------+--------+--------+-----+--------+

Top non-repeatable levels by time:
     D:1: 678 daAuts
     D:2: 581 daAuts
     D:3: 340 daAuts
